 Dungeon Crawl Stone Soup version 0.23-a0-416-g33f1def (webtiles) character file.

105 Jawreze the Slasher (level 4, -1/35 HPs)
             Began as a Demonspawn Gladiator on Nov 9, 2018.
             Killed by divine providence
             ... invoked by an orc priest
              (13 damage)
             ... on level 2 of the Dungeon.
             The game lasted 00:05:31 (2928 turns).

Jawreze the Slasher (Demonspawn Gladiator)          Turns: 2928, Time: 00:05:32

Health: -1/35      AC:  5    Str: 14    XL:     4   Next: 54%
Magic:  4/4        EV: 12    Int: 11    God:
Gold:   83         SH:  0    Dex: 14    Spells: 3/3 levels left

rFire    + . .     SeeInvis .   j - +0 dagger (freeze)
rCold    . . .     Gourm    .   (no shield)
rNeg     . . .     Faith    .   b - +0 leather armour
rPois    .         Spirit   .   c - +0 helmet
rElec    .         Reflect  .   (no cloak)
rCorr    .         Harm     .   (no gloves)
MR       .....                  e - +0 pair of boots
Stlth    +.........             (no amulet)
HPRegen  0.11/turn              (no ring)
MPRegen  0.09/turn              (no ring)

@: no status effects
A: claws 1, fire resistance 1
a: no special abilities


You were on level 2 of the Dungeon.
You were not hungry.

You visited 1 branch of the dungeon, and saw 2 of its levels.

You collected 83 gold pieces.

Inventory:

Hand Weapons
 a - a +0 long sword
 j - a +0 dagger of freezing (weapon)
 q - a +0 hunting sling
Missiles
 d - 3 throwing nets (quivered)
 k - 30 stones
Armour
 b - a +0 leather armour (worn)
 c - a +0 helmet (worn)
 e - a +0 pair of boots (worn)
Jewellery
 o - an uncursed ring of fire {unknown}
Scrolls
 h - 2 scrolls of remove curse {unknown}
 i - 2 scrolls of identify
 n - 4 scrolls of teleportation {unknown}
 p - a scroll of fear {unknown}
 t - 2 scrolls of amnesia {unknown}
Potions
 g - a potion of ambrosia {unknown}
 l - a potion of haste {unknown}
 m - a potion of berserk rage {unknown}
 r - 2 potions of curing {unknown}
Comestibles
 f - 5 rations
 s - 6 chunks of flesh


   Skills:
 + Level 3.1 Fighting
 * Level 4.3 Long Blades
 - Level 1.7 Throwing
 - Level 2.6 Dodging


You had 3 spell levels left.
You didn't know any spells.
Your spell library was empty.

Dungeon Overview and Level Annotations

Branches:
Dungeon (2/15)

Altars:
Elyvilon


Innate Abilities, Weirdness & Mutations

You have sharp fingernails.
Your flesh is heat resistant. (rF+)


Message History

The orc priest is severely wounded.
The orc priest begins to cast a cantrip, but forgets the words!
Firing (i - inventory. (/) - cycle)
k - 31 stones (quivered)
Press: ? - help, Shift-Dir - straight line, f/p - orc priest
Aim: an orc priest, wielding a +0 flail and wearing a +0 scale mail (severely You shoot a stone.
The stone hits the orc priest but does no damage.
The orc priest is severely wounded.
The orc wizard casts a spell at you. The puff of flame hits you! You resist.
The orc priest closely misses you.
A goblin comes into view.
The orc priest mumbles some strange prayers to Beogh against you.
Beogh smites you!
Wield which item (- for none, * to show all)? (? for menu, Esc to quit)
Your +0 dagger of freezing glows with a cold blue light!
j - a +0 dagger of freezing (weapon)
You see here a hand axe.
The orc priest invokes the aid of Beogh against you.
Beogh smites you!
You die... # .##.##... .#......#.###.# # ..8.... ##.#.....(..##..# # .o.b.. .#.#.....####.## # ..h. #..##...# #.# # goh

#..# #.######.## # ## #'###
#####..###.......... #
#.###.#.####......÷.÷..#####.## #
#...(o(...####.#####...# #.#
###..##.((......@# #..## #.#
..#..####.(......# #..# #.#
#.#..# #.....o..# #..# #.# #.#..#
#.#.#g##o#####..# ####.## #.#..#
#.#.#.##.o...÷..###.....)
#.#..####.#.#.####..#..........##
#)#..........#.###..#....##.####
#>##.####...###o....#..>....#
#.##.# #..#.#.###...#...####


You could see 2 orc priests, an orc wizard and a goblin.

Vanquished Creatures
  4 gnolls
  An adder (D:2)
  An ooze (D:2)
  A worm (D:2)
  A dart slug (D:1)
  A ball python (D:2)
  5 bats
  4 giant cockroaches
  A hobgoblin (D:2)
  9 jackals
  3 frilled lizards
  10 kobolds
  7 rats
48 creatures vanquished.

Notes
Turn   | Place    | Note
-------+----------+-------------------------------------------
     0 | D:1      | Jawreze the Demonspawn Gladiator began the quest for the
                  | Orb.
     0 | D:1      | Reached XP level 1. HP: 16/16 MP: 1/1
    78 | D:1      | Reached skill level 3 in Long Blades
   253 | D:1      | Gained mutation: Your flesh is heat resistant. (rF+)
                  | [demonic ancestry]
   253 | D:1      | Reached XP level 2. HP: 21/22 MP: 2/2
   947 | D:2      | Gained mutation: You have sharp fingernails. [demonic
                  | ancestry]
   947 | D:2      | Reached XP level 3. HP: 28/28 MP: 3/3
  1745 | D:2      | Reached skill level 4 in Long Blades
  1759 | D:2      | Reached XP level 4. HP: 28/34 MP: 4/4
  2661 | D:2      | Found a white marble altar of Elyvilon.
  2928 | D:2      | Killed from afar by an orc priest

Vault maps used:
D:1:      lightli_arrival_boilingwater, hex_intersection
D:2:      elyvilon_altar_3, kennysheep_generic_room_2

Skill      XL: |  1  2  3  4 |
---------------+-------------+-----
Long Blades    | 3 4 |  4.3
Fighting       | 3 |  3.1
Throwing       | |  1.7
Dodging        | |  2.6

Action                   |  1- 3 |  4- 6 || total
-------------------------+-------+-------++-------
Melee: Long sword        |    25 |       ||    25
       Dagger            |    78 |    35 ||   113
 Fire: Hunting sling     |    31 |    41 ||    72
  Use: Scroll            |     1 |       ||     1
 Stab: Sleeping          |     1 |       ||     1
  Eat: Chunk             |     2 |     4 ||     6
Armor: Leather armour    |    20 |    13 ||    33
Dodge: Dodged            |    82 |    14 ||    96
       Rpst.: Long sword |     4 |       ||     4

Table legend:
 A = Non-vault XP
 B = Vault XP
 C = Vault XP percentage of total XP
 D = Non-vault monster count
 E = Vault monster count
 F = Vault count percentage of total count
                 A         B        C        D         E       F
            +---------+---------+-------+---------+---------+-------
      Total |     151 |       0 |   0.0 |      48 |       0 |   0.0
            +---------+---------+-------+---------+---------+-------
        D:1 |      49 |       0 |   0.0 |      21 |       0 |   0.0
        D:2 |     102 |       0 |   0.0 |      27 |       0 |   0.0
            +---------+---------+-------+---------+---------+-------
